 Dungeon Crawl Stone Soup version 0.19-a0-1127-gac58878 (webtiles) character file.

2116 torvon the Zephyrmancer (level 9, -1/75 HPs)
             Began as a Yellow Draconian Air Elementalist on Aug 12, 2016.
             Was a Follower of Vehumet.
             Slain by a wyvern (15 damage)
             ... on level 8 of the Dungeon.
             The game lasted 00:45:22 (8605 turns).

torvon the Zephyrmancer (DrAE)                      Turns: 8605, Time: 00:45:22

Health: -1/75      AC: 11    Str: 10    XL:     9   Next: 8%
Magic:  24/34      EV: 12    Int: 21    God:    Vehumet [*.....]
Gold:   347        SH:  0    Dex: 13    Spells: 4 memorised, 7 levels left

rFire  . . .     SeeInvis .     O - +4 trident
rCold  + . .     Gourm    .     (armour unavailable)
rNeg   . . .     Faith    .     (no shield)
rPois  .         Spirit   .     (helmet restricted)
rElec  .         Dismiss  .     k - +0 cloak
rCorr  +         Reflect  .     w - +2 pair of gloves of Uskayaw's Generosity {*Drain rC+ rCorr Int+3}
SustAt .         Harm     .     (no boots)
MR     .....                    (no amulet)
Stlth  ++........               j - ring of magical power
                                g - ring of magical power

@: sluggish, very slightly contaminated, repel missiles, very slow
A: spit acid, acid resistance, unfitting armour, cold-blooded, AC +7
a: Spit Acid, Renounce Religion


You were on level 8 of the Dungeon.
You worshipped Vehumet.
Vehumet was aware of your devotion.
You were not hungry.

You visited 2 branches of the dungeon, and saw 9 of its levels.

You collected 347 gold pieces.

Inventory:

Hand Weapons
 c - a +0 dagger
 n - a +1 dagger of venom
 O - a +4 trident (weapon)
 Q - a +2 hand axe of draining
 T - a cursed -2 dagger
Missiles
 h - 11 tomahawks (quivered)
 D - 6 needles of confusion
 J - 9 poisoned needles
Armour
 k - a +0 cloak (worn)
 w - the +2 pair of gloves of Uskayaw's Generosity (worn) {*Drain rC+ rCorr Int+3}
   (You found it on level 4 of the Dungeon)

   It affects your intelligence (+3).
   It protects you from cold.
   It protects you from acid and corrosion.
   It causes draining when unequipped.
 C - a +2 pair of gloves
 S - a +0 buckler
Jewellery
 g - a ring of magical power (left hand)
 j - a ring of magical power (right hand)
 o - an uncursed ring of protection from fire
 A - an uncursed ring of resist corrosion
 H - a +3 ring of dexterity
 N - an uncursed amulet of faith {unknown}
 U - an uncursed ring of protection from cold {unknown}
Wands
 u - a wand of lightning (4/15)
 z - a wand of disintegration (10/24)
 F - a wand of lightning (6/15)
Scrolls
 f - 3 scrolls of identify
 m - 2 scrolls of remove curse
 p - 3 scrolls of teleportation {unknown}
 t - a scroll of recharging {unknown}
 x - a scroll of fear {unknown}
 y - 2 scrolls of amnesia {unknown}
 B - 2 scrolls of random uselessness {unknown}
 I - a scroll of noise {unknown}
 R - 2 scrolls of magic mapping {unknown}
Potions
 d - 3 potions of heal wounds
 e - 2 potions of lignification {unknown}
 l - a potion of curing {unknown}
 q - 3 potions of resistance {unknown}
 r - 2 potions of berserk rage {unknown}
 s - 3 potions of flight {unknown}
 v - 2 potions of cure mutation {unknown}
 E - a potion of haste {unknown}
 G - 2 potions of degeneration {unknown}
 K - a potion of invisibility {unknown}
 L - a potion of brilliance {unknown}
Books
 a - a book of Air

   Spells                             Type                      Level
   a - Shock                          Conjuration/Air              1
   b - Swiftness                      Charms/Air                   2
   c - Repel Missiles                 Charms/Air                   2
   d - Static Discharge               Conjuration/Air              3
   e - Lightning Bolt                 Conjuration/Air              5
Comestibles
 b - 2 bread rations
 i - a beef jerky
 M - a royal jelly
 P - a meat ration


   Skills:
 + Level 6.0 Fighting
 - Level 1.8 Dodging
 - Level 1.8 Stealth
 + Level 4.6 Spellcasting
 + Level 5.8 Conjurations
 * Level 8.0 Air Magic


You had 7 spell levels left.
You knew the following spells:

 Your Spells              Type           Power        Failure   Level  Hunger
a - Shock                 Conj/Air       ####         1%          1    None
b - Swiftness             Chrm/Air       ###.....     3%          2    #......
c - Repel Missiles        Chrm/Air       ###...       3%          2    #......
d - Lightning Bolt        Conj/Air       ####......   21%         5    ######.


Dungeon Overview and Level Annotations

Branches:
Dungeon (8/15)             Temple (1/1) D:4
   Lair: D:8-11

Altars:
Elyvilon
Fedhas
Kikubaaqudgha
Nemelex Xobeh
Sif Muna
Vehumet

Shops:
D:7 *

Annotations:
D:8 Maurice


Innate Abilities, Weirdness & Mutations

You can spit globs of acid.
You are resistant to acid.
Your golden yellow scales are hard. (AC +7)
Your body does not fit into most forms of armour.
You are cold-blooded and may be slowed by cold attacks.


Message History

You feel quick. The centaur closely misses you. Maurice barely misses you.
The centaur hits you!
The centaur wields an uncursed shortbow.
The centaur shoots an arrow.
The arrow is repelled.
The centaur shoots an arrow.
The arrow closely misses you.
Maurice casts a spell.
Maurice blinks!
The centaur shoots an arrow.
The arrow misses you.
The centaur shoots an arrow.
The arrow hits you.
You see here an arrow.
The centaur shoots an arrow.
The arrow closely misses you.
Found a falchion.
You start to feel a little slower.
You feel sluggish.
You hear the faint creaking of a portcullis nearby.
The wyvern hisses angrily.
A goblin comes into view. It is wielding a spear.
The centaur shoots an arrow.
The arrow is repelled.
The wyvern bites you!
* * * LOW HITPOINT WARNING * * *
The wyvern bites you!
You die...

... ...########+## ..
#...........# ...
#...........###+#...
#.......c...........
#(........c.........
#......#####.....##
#......# #.....+
#...@..# #.....#
#..<.l.# #.....#
##..(...+ #..)..#
#≈...(.....##+##.....+
≈≈.........(.........#
.....................#
#...g........(.......#
#....................#
#####.....######.....#


You could see a wyvern, a centaur and a goblin.

Vanquished Creatures
  Joseph (D:7)
  Prince Ribbit (D:6)
  2 ice beasts
  A centaur (D:5)
  A big kobold (D:7)
  4 giant frogs
  3 killer bees (D:7)
  A howler monkey (D:6)
  2 crimson imps
  2 quasits
  A giant frog zombie (D:4)
  A jelly (D:5)
  An orc priest (D:3)
  A giant frog skeleton (D:5)
  4 hounds
  3 orc wizards (D:7)
  2 iguanas
  7 worker ants
  A hound skeleton (D:7)
  3 adders (D:3)
  A howler monkey skeleton (D:5)
  A shadow imp (D:5)
  An ooze (D:3)
  4 adder skeletons
  2 worms
  A dart slug (D:3)
  5 giant geckos
  16 orcs
  7 giant cockroaches
  6 goblins
  5 hobgoblins
  3 jackals (D:6)
  10 kobolds
  3 quokkas
  A ball python (D:2)
  A ball python skeleton (D:5)
  7 bats
  3 giant newts
  A quokka skeleton (D:4)
  3 rats
123 creatures vanquished.

Vanquished Creatures (others)
  A human (D:2)
1 creature vanquished.

Grand Total: 124 creatures vanquished

Notes
Turn   | Place    | Note
-------+----------+-------------------------------------------
     0 | D:1      | torvon the Draconian Air Elementalist began the quest for the Orb.
     0 | D:1      | Reached XP level 1. HP: 14/14 MP: 3/3
   703 | D:1      | Reached XP level 2. HP: 14/20 MP: 5/5
  1176 | D:2      | Learned a level 2 spell: Swiftness
  1219 | D:2      | Found an ancient bone altar of Kikubaaqudgha.
  1220 | D:2      | Noticed a human
  1222 | D:2      | Killed a human
  1260 | D:2      | Reached skill level 1 in Fighting
  1499 | D:2      | Reached XP level 3. HP: 28/28 MP: 0/6
  2297 | D:3      | Reached XP level 4. HP: 22/37 MP: 2/7
  3156 | D:3      | Found a sparkling altar of Nemelex Xobeh.
  3483 | D:4      | Reached skill level 4 in Air Magic
  3483 | D:4      | Reached XP level 5. HP: 44/44 MP: 3/8
  3489 | D:4      | Found a staircase to the Ecumenical Temple.
  3519 | Temple   | Entered the Ecumenical Temple
  3526 | Temple   | Became a worshipper of Vehumet
  3914 | D:4      | Reached XP level 6. HP: 37/51 MP: 3/9
  4033 | D:4      | Got a pair of spiked gloves
  4241 | D:5      | Entered Level 5 of the Dungeon
  4648 | D:5      | Reached skill level 5 in Air Magic
  4960 | D:5      | Your scales start taking on a golden yellow colour.
  4960 | D:5      | Reached XP level 7. HP: 55/59 MP: 8/11
  5657 | D:6      | Identified the +2 pair of gloves of Uskayaw's Generosity {*Drain rC+ rCorr Int+3} (You found it on level 4 of the Dungeon)
  5845 | D:6      | Found a deep blue altar of Sif Muna.
  5945 | D:6      | You fall through a shaft!
  6038 | D:7      | Noticed Joseph
  6059 | D:7      | Killed Joseph
  6059 | D:7      | Reached skill level 6 in Air Magic
  6059 | D:7      | Reached XP level 8. HP: 23/67 MP: 13/13
  6287 | D:7      | Reached skill level 5 in Fighting
  6287 | D:7      | Reached * piety under Vehumet
  6287 | D:7      | Offered knowledge of Flame Tongue by Vehumet.
  6368 | D:7      | Learned a level 2 spell: Repel Missiles
  6464 | D:7      | Reached skill level 5 in Conjurations
  6907 | D:7      | Learned a level 5 spell: Lightning Bolt
  7055 | D:6      | Reached skill level 7 in Air Magic
  7152 | D:6      | Noticed Prince Ribbit
  7168 | D:6      | Killed Prince Ribbit
  7942 | D:7      | Found Exerphot's Assorted Antiques.
  7986 | D:7      | Reached XP level 9. HP: 66/75 MP: 15/15
  8576 | D:8      | Noticed Maurice
  8580 | D:8      | Reached skill level 8 in Air Magic
  8605 | D:8      | Slain by a wyvern

Vault maps used:
D:1:      scummos_arrival_forest
D:2:      tgw_kikubaaqudgha
D:3:      nemelex_dance_club_becter
D:4:      first_bread
D:6:      lemuel_round_altar, corexii_shack, uniq_prince_ribbit1
D:7:      serial_shops, shop, uniq_joseph
D:8:      statuecave_lemuel, enter_bailey_3, uniq_maurice
Temple:   minmay_crystal_snake_temple

Skill      XL: |  1  2  3  4  5  6  7  8  9 |
---------------+----------------------------+-----
Fighting       | 1 2 3 4 5 6 |  6.0
Conjurations   | 2 3 4 5 |  5.8
Air Magic      | 4 5 6 7 8 |  8.0
Spellcasting   | 3 4 |  4.6
Dodging        | |  1.8
Stealth        | |  1.8

Action                   |  1- 3 |  4- 6 |  7- 9 || total
-------------------------+-------+-------+-------++-------
Melee: Dagger            |    60 |    48 |    23 ||   131
       Tailslap          |     5 |     2 |     8 ||    15
       Trident           |       |       |   101 ||   101
Throw: Tomahawk          |       |       |     1 ||     1
 Cast: Shock             |    61 |   119 |   115 ||   295
       Swiftness         |     2 |       |     5 ||     7
       Lightning Bolt    |       |       |     4 ||     4
       Repel Missiles    |       |       |     2 ||     2
 Abil: Spit Acid         |       |       |     1 ||     1
Evoke: Wand              |       |       |     4 ||     4
  Use: Scroll            |       |     5 |     3 ||     8
       Potion            |       |       |     1 ||     1
 Stab: Sleeping          |     1 |       |     1 ||     2
  Eat: Chunk             |     4 |     1 |     2 ||     7
       Bread ration      |     1 |     1 |     1 ||     3
       Meat ration       |       |     1 |     1 ||     2
Armor: Skin              |    16 |    38 |    74 ||   128
Dodge: Dodged            |    52 |    79 |   129 ||   260
       Deflected         |       |       |     3 ||     3
